 Dungeon Crawl Stone Soup version 0.30-a0-937-ga0a21ad780 (webtiles) character file.

Game seed: 4453990533030062958

29 Dirtsage the Slasher (level 3, 24/29 HPs)
             Began as a Demonspawn Fighter on Mar 24, 2023.
             Quit the game on level 1 of the Dungeon.
             The game lasted 00:00:55 (460 turns).

Dirtsage the Slasher (Demonspawn Fighter)            Turns: 460, Time: 00:00:56

Health: 24/29      AC:  6    Str: 16    XL:     3   Next: 1%
Magic:  3/3        EV:  8    Int:  9    God:
Gold:   19         SH:  4    Dex: 14    Spells: 2/2 levels left

rFire   . . .      SeeInvis .    a - +0 long sword
rCold   . . .      Faith    .    c - +0 buckler
rNeg    . . .      Spirit   .    b - +0 scale mail
rPois   .          Reflect  .    (helmet restricted)
rElec   .          Rampage  .    (no cloak)
rCorr   .                        (no gloves)
Will    .....                    (no boots) Stlth
                                 (no amulet)
HPRegen 0.24/turn                (no ring)
MPRegen 0.08/turn                (no ring)

@: no status effects
A: antennae 1, demonic guardian 1
a: no special abilities


You were on level 1 of the Dungeon.
You visited 1 branch of the dungeon, and saw 1 of its levels.

You collected 19 gold pieces.

Inventory:

Hand Weapons
 a - a +0 long sword (weapon)
Armour
 b - a +0 scale mail (worn)
 c - a +0 buckler (worn)
Scrolls
 e - a scroll of brand weapon {unknown}
Potions
 d - a potion of might
 f - 3 potions of curing {unknown}


   Skills:
 - Level 3.0 Fighting
 - Level 3.2 Long Blades
 + Level 2.6 Armour
 - Level 2.6 Shields


You had 2 spell levels left.
You didn't know any spells.
Your spell library was empty.

Dungeon Overview and Level Annotations

Branches:
Dungeon (1/15)

Altars:


Innate Abilities, Weirdness & Mutations

You have a pair of small antennae on your head.
A weak demonic guardian rushes to your aid.


Message History

No target in view!
No target in view!
No target in view!
No target in view!
No target in view!
No target in view!
No target in view!
No target in view!
No target in view!
A hobgoblin comes into view.
The hobgoblin shouts!
A hobgoblin comes into view.
Health restored: 24 The hobgoblin shouts!
The hobgoblin barely misses you.
You hit the hobgoblin.
The hobgoblin is severely wounded.
You block the hobgoblin's attack. The hobgoblin misses you.
The hobgoblin barely misses you. The hobgoblin hits you.
You slash the hobgoblin!
You kill the hobgoblin!
The hobgoblin closely misses you.
You barely miss the hobgoblin. You block the hobgoblin's attack.
You closely miss the hobgoblin.
The hobgoblin hits you but does no damage.
The hobgoblin hits you.
You take 4 damage, and have 20/24 hp.
You closely miss the hobgoblin. The hobgoblin misses you.
You slash the hobgoblin!
You kill the hobgoblin!
You have reached level 3!
Your experience leads to an increase in your attributes!
Increase (s)trength, (i)ntelligence, or (d)exterity?
You feel agile. x2
You feel monstrous as your demonic heritage exerts itself.
Your demonic ancestry asserts itself...
A pair of antennae grows on your head!
You regained 4 hp, and now have 24/29 hp.
MP restored: 3 Are you sure you want to abandon this character and quit the game? (Confirm with "yes".)

♣..P .♣ #....).. ♣♣♣♣♣
#.....## ## #.##...#
###.. .. #..... ...# ##
##.... .?.# # ##.##
#######..##.# #.##
.......†....# ....
######.@.# ##+##
.........# ##...#
.####....#### ##.....
.........##.## ##......
..##...#.#...####..>....
...............+.......
.####..†.....####.......
.........##.## ##......
######....#.# ##.....


There were no monsters in sight!

Vanquished Creatures
  A dart slug (D:1)
  2 bats (D:1)
  2 endoplasms (D:1)
  2 goblins (D:1)
  5 hobgoblins (D:1)
  3 jackals (D:1)
  2 kobolds (D:1)
  2 ball pythons (D:1)
  3 rats (D:1)
22 creatures vanquished.

Vanquished Creatures (collateral kills)
  A jackal (D:1)
1 creature vanquished.

Grand Total: 23 creatures vanquished

Notes
Turn   | Place    | Note
-------+----------+-------------------------------------------
     0 | D:1      | Dirtsage the Demonspawn Fighter began the quest for the
                  | Orb.
     0 | D:1      | Reached XP level 1. HP: 18/18 MP: 1/1
   207 | D:1      | Gained mutation: A weak demonic guardian rushes to your
                  | aid. [demonic ancestry]
   207 | D:1      | Reached XP level 2. HP: 21/24 MP: 2/2
   460 | D:1      | Discovered your monstrous ancestry.
   460 | D:1      | Gained mutation: You have a pair of small antennae on your
                  | head. [demonic ancestry]
   460 | D:1      | Reached XP level 3. HP: 24/29 MP: 3/3
   460 | D:1      | Quit the game

Illustrated notes

Levels and vault maps discovered:
D:1:      psy_arrival_fountain, layout_loops_corners,
          minmay_misc_feat_more_columns

Skill      XL: |  1  2 |
---------------+-------+-----
Long Blades    | 2 3 |  3.2
Fighting       | |  3.0
Armour         | |  2.6
Shields        | |  2.6

Action                     || total
---------------------------++-------
  Melee: Long sword        ||    54
 Armour: Scale mail        ||    35
  Dodge: Dodged            ||    26
  Block: Buckler           ||    20

Table legend: (Time is in decaauts)
 A = Elapsed time spent in this place.
 B = Non-inter-level travel time spent in this place.
 C = Inter-level travel time spent in this place.
 D = Time resting spent in this place.
 E = Time spent auto-exploring this place.
 F = Levels seen in this place.
 G = Mean time per level.
                   A        B        C        D        E       F      G
               +--------+--------+--------+--------+--------+-----+--------+
         Total |    476 |    476 |      0 |      0 |    353 |   1 |  476.0 |
       Dungeon |    476 |    476 |      0 |      0 |    353 |   1 |  476.0 |
               +--------+--------+--------+--------+--------+-----+--------+

Top non-repeatable levels by time:
     D:1: 476 daAuts
